 Dungeon Crawl Stone Soup version 0.22-a0-284-g99d1f74 (webtiles) character file.

3199 matakusis the Summoner (level 9, -2/46 HPs)
             Began as a Deep Elf Summoner on Mar 21, 2018.
             Was an Elder of Sif Muna.
             Killed from afar by an electric eel (17 damage)
             ... with a bolt of electricity
             ... on level 10 of the Dungeon.
             The game lasted 00:52:49 (10092 turns).

matakusis the Summoner (Deep Elf Summoner)         Turns: 10092, Time: 00:52:50

Health: -2/46      AC:  7    Str:  5    XL:     9   Next: 64%
Magic:  13/24      EV: 12    Int: 24    God:    Sif Muna [****..]
Gold:   694        SH:  8    Dex: 15    Spells: 16/27 levels left

rFire    + . .     SeeInvis .   I - +0 quarterstaff (freeze)
rCold    . . .     Gourm    .   (shield currently unavailable)
rNeg     . . .     Faith    .   B - +0 leather armour {MR+}
rPois    .         Spirit   .   (no helmet)
rElec    .         Reflect  +   r - +0 cloak
rCorr    +         Harm     .   a - +0 pair of gloves
MR       +....                  h - +0 pair of boots
Stlth    ++........             x - +4 amulet of reflection
HPRegen  0.15/turn              d - ring of flight
MPRegen  0.19/turn              k - ring of resist corrosion

@: very slightly contaminated
A: hooves 1, large bone plates 1, rugged brown scales 1, fire resistance 1,
screaming 1
a: Divine Energy, Channel Magic, Forget Spell, Renounce Religion, Evoke Flight


You were on level 10 of the Dungeon.
You worshipped Sif Muna.
Sif Muna was greatly pleased with you.
You were hungry.

You visited 2 branches of the dungeon, and saw 11 of its levels.
You also visited: Sewer.

You collected 694 gold pieces.

Inventory:

Hand Weapons
 o - a +0 short sword of venom
 D - a +0 short sword of holy wrath
 I - a +0 quarterstaff of freezing (weapon)
Missiles
 f - 123 arrows
Armour
 a - a +0 pair of gloves (worn)
 h - a +0 pair of boots (worn)
 r - a +0 cloak (worn)
 B - a +0 leather armour of magic resistance (worn)
 J - a +1 robe of cold resistance
Jewellery
 d - a ring of flight (left hand)
 k - a ring of resist corrosion (right hand)
 u - an uncursed ring of ice
 x - a +4 amulet of reflection (around neck)
Wands
 n - a wand of acid (7)
 w - a wand of disintegration (15)
 y - a wand of scattershot (8)
 F - a wand of iceblast (8)
Scrolls
 b - 2 scrolls of amnesia
 e - 2 scrolls of enchant weapon
 j - 2 scrolls of enchant armour
 m - 2 scrolls of identify
 s - 3 scrolls of remove curse
 v - 3 scrolls of fog
 A - 2 scrolls of teleportation
 E - a scroll of magic mapping
Potions
 g - 2 potions of haste
 i - 3 potions of berserk rage
 l - 2 potions of cancellation
 q - a potion of might
 t - a potion of brilliance
 z - 2 potions of flight
 C - a potion of agility
 G - 2 potions of lignification
 H - 2 potions of curing
Comestibles
 c - 14 rations


   Skills:
 - Level 2.4 Dodging
 - Level 2.4 Stealth
 + Level 9.7 Spellcasting
 * Level 11.2 Summonings
 * Level 7.0 Ice Magic


You had 16 spell levels left.
You knew the following spells:

 Your Spells              Type           Power        Failure   Level  Hunger
a - Summon Small Mammal   Summ           ####         1%          1    None
b - Call Imp              Summ           ######..     1%          2    None
c - Summon Ice Beast      Ice/Summ       ######..     1%          4    #......
d - Summon Lightning Spi  Summ/Air       #####...     9%          4    #......


Dungeon Overview and Level Annotations

Branches:
Dungeon (10/15)            Temple (1/1) D:4             Orc (0/2) D:9
   Lair: D:8-11

Altars:
Ashenzari
Cheibriados
Dithmenos
Elyvilon
Fedhas
Gozag
Hepliaklqana
Kikubaaqudgha
Makhleb
Nemelex Xobeh
Okawaru
Qazlal
Ru
Sif Muna
Trog
Uskayaw
Vehumet
Wu Jian
Xom
Yredelemnul
Zin
The Shining One
Beogh


Innate Abilities, Weirdness & Mutations

You have large cloven feet.
You are partially covered in large bone plates. (SH +4)
You are partially covered in rugged brown scales. (AC +1, +3% HP)
Your flesh is heat resistant. (rF+)
You occasionally shout uncontrollably at your foes.


Message History

Aim: an electric eel Attack!
The electric eel shoots out a bolt of lightning at you!
The bolt of electricity hits you!
Unknown command.
You swap places.
The electric eel shoots out a bolt of lightning at you!
The bolt of electricity hits your ice beast.
The bolt of electricity hits you!
Things that are here:
a dagger; an orc skeleton Unknown command.
The electric eel shoots out a bolt of lightning at you!
The bolt of electricity hits your ice beast.
The bolt of electricity misses you.
Unknown command.
The electric eel shoots out a bolt of lightning at you!
The bolt of electricity hits your ice beast.
The bolt of electricity hits you!
You die...

............#.#
...............
.............#
.............#
.............#
.............#
.............# ###
..........<..#####...#
.............[@.[.....
.............#[[......
............##..≈≈....
#...........##Y≈..≈...
###........##≈≈Y..≈..≈
###.....## ≈≈..≈..≈.
####.## ≈;...≈.⌠≈. ###
≈≈..≈..≈⌠. #≈≈..≈..≈..


You could see an electric eel and 2 friendly ice beasts.

Vanquished Creatures
  A hornet (D:8)
  An orc wizard (D:9)
  2 worker ants (D:9)
  A leopard gecko (D:8)
  An orc (D:4)
  A ball python (D:4)
  A quokka (D:9)
8 creatures vanquished.

Vanquished Creatures (collateral kills)
  Fannar (D:10)
  Maurice (D:9)
  Grinder (D:6)
  Eustachio (D:5)
  A hungry ghost (D:8)
  A soldier ant (D:8)
  A water moccasin (D:6)
  Purgy (Sewer)
  A black bear (D:10)
  7 orc warriors
  A phantom (D:5)
  A sky beast (D:8)
  5 ogres
  2 centaurs
  A big kobold (D:7)
  2 bullfrogs
  A gnoll sergeant (D:7)
  7 scorpions
  A water moccasin skeleton (D:4)
  8 wights
  A howler monkey (D:9)
  2 bullfrog zombies
  A centaur zombie (D:10)
  7 crimson imps
  A quasit (D:9)
  2 hounds
  A centaur skeleton (D:4)
  5 orc priests
  3 bullfrog skeletons
  8 orc wizards
  An iguana (D:5)
  9 worker ants
  A hound skeleton (D:8)
  18 adders
  5 gnolls (D:7)
  5 shadow imps
  3 oozes
  3 adder skeletons
  3 worms
  4 dart slugs
  3 leopard geckos
  47 orcs
  4 ball pythons
  11 bats
  6 giant cockroaches
  6 goblins
  13 hobgoblins
  7 jackals
  4 quokkas
  A ball python skeleton (D:5)
  4 frilled lizards
  12 kobolds
  A leopard gecko skeleton (D:6)
  2 quokka skeletons (D:5)
  8 rats
257 creatures vanquished.

Vanquished Creatures (others)
  An orc wizard (D:9)
  An orc (D:9)
  A rat (D:1)
3 creatures vanquished.

Grand Total: 268 creatures vanquished

Notes
Turn   | Place    | Note
-------+----------+-------------------------------------------
     0 | D:1      | matakusis the Deep Elf Summoner began the quest for the Orb.
     0 | D:1      | Reached XP level 1. HP: 10/10 MP: 6/6
   322 | D:1      | Reached XP level 2. HP: 13/15 MP: 5/8
   331 | D:1      | Learned a level 2 spell: Call Imp
   387 | D:1      | Reached skill level 5 in Summonings
  1132 | D:2      | Reached XP level 3. HP: 14/19 MP: 3/9
  1366 | D:2      | Gained mutation: Your muscles are strong. (Str +2) [potion of mutation]
  1366 | D:2      | Gained mutation: You expend magic power (3 MP) to strengthen your wands. [potion of mutation]
  1366 | D:2      | Gained mutation: You possess an exceptional clarity of mind. [potion of mutation]
  1574 | D:2      | Lost mutation: Your muscles are strong. (Str +2) [potion of mutation]
  1574 | D:2      | Lost mutation: You expend magic power (3 MP) to strengthen your wands. [potion of mutation]
  1574 | D:2      | Lost mutation: You possess an exceptional clarity of mind. [potion of mutation]
  1574 | D:2      | Gained mutation: You are partially covered in large bone plates. (SH +4) [potion of mutation]
  1574 | D:2      | Gained mutation: Your movements are slightly less encumbered by armour. (ER -2) [potion of mutation]
  1950 | D:3      | Reached XP level 4. HP: 24/24 MP: 6/12
  2030 | D:3      | Found a burning altar of Makhleb.
  2081 | D:3      | Learned a level 4 spell: Summon Ice Beast
  2086 | D:3      | Learned a level 4 spell: Summon Lightning Spire
  2609 | D:4      | Reached skill level 6 in Summonings
  2825 | D:4      | Reached XP level 5. HP: 28/28 MP: 4/14
  2839 | D:4      | Found a glowing drain.
  2948 | D:4      | HP: 1/28 [something/magic dart (7)]
  3005 | Sewer    | Entered a sewer
  3208 | Sewer    | Noticed Purgy
  3220 | Sewer    | Killed Purgy
  3220 | Sewer    | Reached skill level 5 in Spellcasting
  3572 | D:4      | Reached skill level 1 in Ice Magic
  3572 | D:4      | Reached XP level 6. HP: 32/32 MP: 11/15
  3605 | D:4      | Reached skill level 7 in Summonings
  3685 | D:4      | Found a staircase to the Ecumenical Temple.
  3698 | Temple   | Entered the Ecumenical Temple
  4239 | D:5      | Entered Level 5 of the Dungeon
  4246 | D:5      | Noticed Eustachio
  4749 | D:5      | Killed Eustachio
  4749 | D:5      | Reached XP level 7. HP: 36/36 MP: 7/18
  4782 | D:5      | Lost mutation: Your movements are slightly less encumbered by armour. (ER -2) [potion of mutation]
  4782 | D:5      | Gained mutation: You are partially covered in rugged brown scales. (AC +1, +3% HP) [potion of mutation]
  4782 | D:5      | Gained mutation: You occasionally shout uncontrollably at your foes. [potion of mutation]
  4782 | D:5      | Gained mutation: Your flesh is heat resistant. (rF+) [potion of mutation]
  4782 | D:5      | Gained mutation: You have large cloven feet. [potion of mutation]
  5098 | D:5      | Reached skill level 8 in Summonings
  5204 | D:5      | Found a deep blue altar of Sif Muna.
  5209 | D:5      | Became a worshipper of Sif Muna the Loreminder
  5542 | D:6      | Found a shadowy altar of Dithmenos.
  5645 | D:6      | Noticed Grinder
  5680 | D:6      | Killed Grinder
  6211 | D:7      | Found a bloodstained altar of Trog.
  6241 | D:7      | Found a shattered altar of Ashenzari.
  6258 | D:7      | Reached XP level 8. HP: 42/42 MP: 9/20
  6492 | D:7      | Reached skill level 9 in Summonings
  6524 | D:7      | Reached * piety under Sif Muna
  7234 | D:8      | Reached ** piety under Sif Muna
  7338 | D:8      | Reached skill level 5 in Ice Magic
  7578 | D:8      | Reached skill level 10 in Summonings
  7821 | D:8      | Noticed a hornet
  7968 | D:8      | Killed a hornet
  7968 | D:8      | Reached XP level 9. HP: 8/46 MP: 11/23
  8337 | D:9      | Noticed Maurice
  8693 | D:8      | Found a hazy altar of Hepliaklqana.
  9043 | D:9      | Killed Maurice
  9043 | D:9      | Reached *** piety under Sif Muna
  9139 | D:9      | Found an ancient bone altar of Kikubaaqudgha.
  9216 | D:9      | Found a staircase to the Orcish Mines.
  9352 | D:9      | Found an iron altar of Okawaru.
  9364 | D:9      | Found a roughly hewn altar of Beogh.
  9442 | D:9      | Found a sparkling altar of Nemelex Xobeh.
  9750 | D:10     | Entered Level 10 of the Dungeon
  9789 | D:10     | Noticed Fannar
  9824 | D:10     | HP: 1/46 [Fannar/Ozocubu's Refrigeration (17)]
  9824 | D:10     | Killed Fannar
  9824 | D:10     | Reached **** piety under Sif Muna
  9824 | D:10     | Reached skill level 11 in Summonings
 10092 | D:10     | Killed from afar by an electric eel

Vault maps used:
D:1:      dpeg_arrival_simpleton_a
D:3:      lemuel_crystal_altar, first_ration
D:4:      minmay_temple_entry_trees, cheibrodos_sewer_entry_sluice
D:5:      led_sif_book, grunt_ministairs_8, minmay_misc_feat_alley, st_stairs_7,
          uniq_eustachio
D:6:      grunt_dithmenos_smoke, uniq_grinder
D:7:      ashenzari_conservatory_becter, overflow_temple_1_default
D:8:      nicolae_overflow_hidden_temple, hangedman_pestilent_swarm
D:9:      lemuel_doored_altar, nemelex_altar_shiori, orc_0_dummy, special_room,
          minmay_misc_feat_ornament, okawaru_trees_1, uniq_maurice
D:10:     cheibrodos_helix_gallery, kennysheep_small_spiral, uniq_psyche,
          uniq_fannar
Temple:   dpeg_chambers_temple
Sewer:    sewer_big_baddie

Skill      XL: |  1  2  3  4  5  6  7  8  9 |
---------------+----------------------------+-----
Summonings     | 5 6 7 8 10 11 | 11.2
Spellcasting   | 4 5 6 7 8 9 |  9.7
Ice Magic      | 1 2 3 5 7 |  7.0
Dodging        | |  2.4
Stealth        | |  2.4

Action                   |  1- 3 |  4- 6 |  7- 9 || total
-------------------------+-------+-------+-------++-------
Melee: Unarmed           |     4 |       |       ||     4
       Short sword       |       |    10 |    58 ||    68
 Cast: Summon Small Mamm |    21 |       |       ||    21
       Call Imp          |    36 |    25 |     8 ||    69
       Summon Ice Beast  |       |    16 |    71 ||    87
       Summon Lightning  |       |     8 |    48 ||    56
  Use: Scroll            |     5 |     5 |     9 ||    19
       Potion            |     4 |     3 |     3 ||    10
  Eat: Chunk             |     4 |    15 |    16 ||    35
       Ration            |       |     1 |     1 ||     2
Armor: Robe              |     8 |    10 |    14 ||    32
       Skin              |       |       |     3 ||     3
       Leather armour    |       |       |     4 ||     4
Dodge: Dodged            |    27 |    49 |    72 ||   148
Block: Other             |       |    12 |    38 ||    50
       Reflection        |       |       |     2 ||     2

Table legend:
 A = Spawn XP
 B = Non-spawn XP
 C = Spawn XP percentage of total XP
 D = Spawn monster count
 E = Non-spawn monster count
 F = Spawn count percentage of total count
 G = Total turns spent on level
                    A         B        C        D         E        F      G
               +---------+---------+-------+---------+---------+-------+---------
         Total |       0 |    4570 |   0.0 |       0 |     267 |   0.0 | 10092
               +---------+---------+-------+---------+---------+-------+---------
           D:1 |       0 |      32 |   0.0 |       0 |      27 |   0.0 |  1099
           D:2 |       0 |      61 |   0.0 |       0 |      35 |   0.0 |   808
           D:3 |       0 |      38 |   0.0 |       0 |      16 |   0.0 |   661
           D:4 |       0 |     216 |   0.0 |       0 |      16 |   0.0 |  1164
           D:5 |       0 |     557 |   0.0 |       0 |      28 |   0.0 |  1048
           D:6 |       0 |     368 |   0.0 |       0 |      13 |   0.0 |   827
           D:7 |       0 |     593 |   0.0 |       0 |      37 |   0.0 |   964
           D:8 |       0 |     958 |   0.0 |       0 |      32 |   0.0 |  1409
           D:9 |       0 |     902 |   0.0 |       0 |      46 |   0.0 |  1403
          D:10 |       0 |     771 |   0.0 |       0 |      11 |   0.0 |   105
         Sewer |       0 |      74 |   0.0 |       0 |       6 |   0.0 |   290
               +---------+---------+-------+---------+---------+-------+---------
